 Dungeon Crawl Stone Soup version 0.19.3 (webtiles) character file.

98347 Dolanko the Carver (level 15, -20/126 HPs)
             Began as a Demonspawn Gladiator on Jan 22, 2017.
             Was the Champion of Okawaru.
             Blown up by an orb spider (24 damage)
             ... with an orb of destruction
             ... on level 2 of the Spider Nest.
             The game lasted 01:02:25 (26234 turns).

Dolanko the Carver (Demonspawn Gladiator)          Turns: 26234, Time: 01:02:25

Health: -20/126    AC: 35    Str: 22    XL:     15   Next: 74%
Magic:  15/21      EV: 15    Int: 10    God:    Okawaru [******]
Gold:   586        SH:  9    Dex: 17    Spells: 0 memorised, 14 levels left

rFire  . . .     SeeInvis +     O - +7 demon blade (venom)
rCold  + + .     Gourm    .     D - +3 plate armour {rC+}
rNeg   . . .     Faith    .     (no shield)
rPois  +         Spirit   .     c - +1 helmet
rElec  +         Reflect  +     F - +1 cloak of the Empire {rElec rC+ Str+4 SInv}
rCorr  .         Harm     .     J - +2 pair of gloves
MR     +....     Rnd*Tele +     (boots unavailable)
Stlth  ..........               m - +3 amulet of reflection
                                p - ring of poison resistance
                                h - +5 ring of protection

@: heroism, finesse
A: hooves 3, large bone plates 2, demonic guardian 1, spiny 3, teleportitis 1
a: Heroism, Finesse, Renounce Religion


You were on level 2 of the Spider Nest.
You worshipped Okawaru.
Okawaru was exalted by your worship.
You were not hungry.

You visited 6 branches of the dungeon, and saw 23 of its levels.
You also visited: Bailey.

You collected 1691 gold pieces.
You spent 1105 gold pieces at shops.

Inventory:

Hand Weapons
 a - a +1 falchion of flaming
 O - a +7 demon blade of venom (weapon)
Missiles
 B - 27 tomahawks (quivered)
Armour
 c - a +1 helmet (worn)
 D - a +3 plate armour of cold resistance (worn)
 F - the +1 cloak of the Empire (worn) {rElec rC+ Str+4 SInv}
   (Okawaru gifted it to you on level 3 of the Lair of Beasts)

   It affects your strength (+4).
   It protects you from cold.
   It insulates you from electricity.
   It lets you see invisible.
 J - a +2 pair of gloves (worn)
 M - a +0 helmet of see invisible
 S - a +2 shield of positive energy
Jewellery
 e - an uncursed ring of positive energy
 h - a +5 ring of protection (left hand)
 l - the ring "Tinn" {Fire rElec Dex+7}
   (You bought it in a shop on level 2 of the Orcish Mines)

   [ring of fire]

   It enhances your fire magic.
   It affects your dexterity (+7).
   It protects you from fire.
   It makes you vulnerable to cold.
   It insulates you from electricity.
 m - a +3 amulet of reflection (around neck)
 p - a ring of poison resistance (right hand)
 s - an uncursed amulet of guardian spirit
 x - the ring "Zefouh" {rF++ EV+2}
   (You found it on level 2 of the Orcish Mines)

   [ring of evasion]

   It affects your evasion (+2).
   It greatly protects you from fire.
Wands
 n - a wand of lightning (10/15)
 o - a wand of iceblast (2/15)
 y - a wand of acid (12/15)
 A - a wand of acid (5/15)
 E - a wand of lightning (10/15)
 H - a wand of slowing (10/48)
 I - a wand of teleportation (5/9)
 K - a wand of disintegration (9/24)
Scrolls
 b - 5 scrolls of teleportation
 j - a scroll of immolation
 u - 8 scrolls of remove curse
 G - 4 scrolls of identify
 R - a scroll of recharging
Potions
 g - 5 potions of agility
 i - 2 potions of haste
 v - a potion of magic
 z - 3 potions of flight
 Q - a potion of berserk rage
Miscellaneous
 k - a lamp of fire
 L - a sack of spiders
 N - a phial of floods
Comestibles
 f - 8 bread rations
 q - 10 slices of pizza
 r - 50 fruits
 t - 17 royal jellies
 w - 4 beef jerkies
 C - 7 meat rations


   Skills:
 * Level 14.2(19.2) Fighting
 - Level 14.5(19.5) Long Blades
 - Level 1.7(6.7) Throwing
 + Level 11.9(16.9) Armour
 + Level 8.5(13.5) Dodging
 + Level 8.5(13.5) Shields
 - Level 8.0 Invocations


You had 14 spell levels left.
You didn't know any spells.

Dungeon Overview and Level Annotations

Branches:
Dungeon (11/15)            Temple (1/1) D:7            Lair (6/6) D:8
 Shoals (0/4) Lair:3       Spider (2/4) Lair:3        Slime (0/5) Lair:6
    Orc (2/2) D:10            Elf (1/3) Orc:2

Altars:
Ashenzari
Cheibriados
Dithmenos
Elyvilon
Fedhas
Gozag
Hepliaklqana
Kikubaaqudgha
Makhleb
Nemelex Xobeh
Okawaru
Qazlal
Ru
Sif Muna
Trog
Uskayaw
Vehumet
Xom
Zin
The Shining One
Beogh

Shops:
D:4 (   Orc:2 }(%=


Innate Abilities, Weirdness & Mutations

You have hooves in place of feet.
You are mostly covered in large bone plates. (SH +6)
A weak demonic guardian rushes to your aid.
You are completely covered in sharp spines.
You are occasionally teleported next to monsters.


Message History

You closely miss Arachne. Your kick misses Arachne.
Arachne is almost dead.
Arachne is struck by your spines. Arachne hits you but does no damage.
Your iron imp closely misses the orb spider.
Your shadow imp hits Arachne.
You completely miss Arachne. You kick Arachne, but do no damage.
Arachne is almost dead.
You block the demonic crawler's attack. The demonic crawler closely misses you.
You block the demonic crawler's attack.
You open Arachne like a pillowcase!!!
You kill Arachne!
Okawaru is honoured by your kill.
You barely miss the demonic crawler.
The demonic crawler is almost dead.
The orb spider weaves a glowing orb of energy.
You block the demonic crawler's attack. The demonic crawler closely misses you.
You block the demonic crawler's attack.
Your iron imp hits the orb spider.
An orb of destruction comes into view.
The orb of destruction hits you!
You die...

....... #####
....... ####.s.##
...s...##.......##
.......#.....s...##
..............5s@.#
......s*.......§..#
...............§5.#
........^......s...#
..................##
................###
......††........#
............#####
.........(..†..#


You could see a demonic crawler, 3 orb spiders, a friendly iron imp and a
friendly shadow imp.

Vanquished Creatures
  Arachne (Spider:2)
  Rupert (Lair:3)
  Agnes (Elf:1)
  An orc warlord (Orc:2)
  An emperor scorpion (Spider:1)
  A stone giant (Orc:2)
  A deep elf annihilator (Elf:1)
  A deep elf high priest (Elf:1)
  2 dancing weapons (Elf:1)
  6 hydras
  4 orc high priests (Orc:2)
  4 deep elf knights (Elf:1)
  5 deep elf archers
  3 hill giants
  6 orc knights (Orc:2)
  7 orb spiders
  A cyclops (D:9)
  39 deep elf magi
  6 wolf spiders
  6 orc sorcerers (Orc:2)
  A moth of wrath (Spider:2)
  The ghost of fatfloppyjuicyveiny the Grappler, a novice TrBe of Trog (D:9)
  A torpor snail (Spider:1)
  The ghost of Sigrun the Poker, a novice DsGl of Ru (D:7)
  A black mamba (Lair:3)
  7 spiny frogs
  2 rime drakes
  5 demonic crawlers
  4 komodo dragons
  6 trolls
  14 jumping spiders
  4 hornets
  A polar bear (Lair:5)
  A queen bee (Lair:2)
  A hornet (shapeshifter) (Elf:1)
  A wind drake (shapeshifter) (Elf:1)
  3 two-headed ogres (Orc:2)
  10 dream sheep
  11 blink frogs
  8 hippogriffs
  A snapping turtle (Lair:3)
  An air elemental (Elf:1)
  30 redbacks
  A wraith (D:10)
  8 tarantellas
  6 spriggans (Lair:3)
  A wyvern (Lair:1)
  A basilisk (Lair:2)
  2 water elementals (Elf:1)
  17 yaks
  2 fire elementals (Elf:1)
  A steam dragon (Lair:5)
  3 hungry ghosts
  5 wargs (Orc:2)
  8 water moccasins
  Duvessa (D:4)
  13 porcupines
  3 sky beasts
  An ice beast (D:9)
  45 orc warriors
  3 black bears
  2 necrophages
  2 phantoms
  12 ogres
  6 wolves
  6 centaurs
  8 crocodiles
  6 big kobolds
  14 bullfrogs
  An earth elemental (Elf:1)
  3 wyvern skeletons
  A water moccasin skeleton (D:11)
  4 scorpions
  15 wights
  30 killer bees
  A howler monkey (D:11)
  An electric eel (Lair:4)
  6 crimson imps
  A quasit (D:7)
  4 centaur zombies
  4 hounds
  A lava snake (Lair:2)
  25 orc priests
  6 jellies
  Crazy Yiuf (D:3)
  3 centaur skeletons
  19 orc wizards
  An iguana (D:8)
  2 hell rats (Lair:4)
  8 worker ants
  4 worker ant zombies
  A howler monkey zombie (D:6)
  10 adders
  3 gnolls (D:6)
  7 river rats (Lair:4)
  A shadow imp (D:11)
  2 oozes
  An adder zombie (D:9)
  2 dart slugs
  7 leopard geckos
  110 orcs
  2 ball pythons
  10 giant cockroaches
  14 goblins
  9 hobgoblins
  4 jackals (D:2)
  8 quokkas
  7 bats
  5 frilled lizards
  A giant cockroach zombie (D:6)
  2 jackal skeletons
  23 kobolds
  A leopard gecko skeleton (D:6)
  2 leopard gecko zombies (D:8)
  5 rats
  A plant (Lair:3)
768 creatures vanquished.

Vanquished Creatures (collateral kills)
  A deep elf mage (D:11)
  An orc knight (Orc:2)
  A wolf spider (Spider:1)
  A komodo dragon (Lair:5)
  Grinder (D:5)
  3 blink frogs (Lair:5)
  2 hippogriffs
  3 dream sheep
  A redback (Spider:1)
  A water elemental (Elf:1)
  A wyvern (Lair:5)
  2 yaks
  A water moccasin (D:6)
  An ogre (Orc:1)
  A centaur (D:6)
  3 bullfrogs
  Dowan (D:4)
  An orc priest (Orc:2)
  Ijyb (D:2)
  A worker ant zombie (D:8)
  3 orcs (D:5)
  A ball python (D:6)
  A kobold (D:11)
33 creatures vanquished.

Vanquished Creatures (others)
  A water elemental (Elf:1)
  3 fungi
  5 plants
9 creatures vanquished.

Grand Total: 810 creatures vanquished

Notes
Turn   | Place    | Note
-------+----------+-------------------------------------------
     0 | D:1      | Dolanko the Demonspawn Gladiator began the quest for the Orb.
     0 | D:1      | Reached XP level 1. HP: 16/16 MP: 1/1
   312 | D:1      | Gained mutation: A weak demonic guardian rushes to your aid. [demonic ancestry]
   312 | D:1      | Reached XP level 2. HP: 22/22 MP: 2/2
   615 | D:1      | Gained mutation: You have large cloven feet. [demonic ancestry]
   615 | D:1      | Reached XP level 3. HP: 25/28 MP: 3/3
  1384 | D:2      | Reached skill level 1 in Armour
  1442 | D:2      | Noticed Ijyb
  1453 | D:2      | Killed Ijyb
  1453 | D:2      | Gained mutation: You are partially covered in sharp spines. [demonic ancestry]
  1453 | D:2      | Reached XP level 4. HP: 30/34 MP: 4/4
  1580 | D:2      | Found a white marble altar of Elyvilon.
  1782 | D:3      | Found a hide-covered altar of Uskayaw.
  1827 | D:3      | Found a shimmering altar of Xom.
  1852 | D:3      | Found a faded altar of an unknown god.
  1914 | D:3      | Found a runed door.
  1919 | D:3      | Noticed Crazy Yiuf
  1925 | D:3      | Killed Crazy Yiuf
  1925 | D:3      | Gained mutation: You have hoof-like feet. [demonic ancestry]
  1925 | D:3      | Reached XP level 5. HP: 34/41 MP: 5/5
  2035 | D:3      | Found a blossoming altar of Fedhas.
  2424 | D:4      | Found a shadowy altar of Dithmenos.
  2521 | D:4      | Noticed an ogre
  2538 | D:4      | Killed an ogre
  2634 | D:4      | Gained mutation: You are mostly covered in sharp spines. [demonic ancestry]
  2634 | D:4      | Reached XP level 6. HP: 47/47 MP: 6/6
  2637 | D:4      | Noticed Duvessa
  2638 | D:4      | Noticed Dowan
  2670 | D:4      | Killed Dowan
  2681 | D:4      | Killed Duvessa
  2681 | D:4      | Reached skill level 5 in Long Blades
  3189 | D:4      | Found Faarey's Antique Weapon Boutique.
  3218 | D:5      | Entered Level 5 of the Dungeon
  3403 | D:5      | Noticed Grinder
  3414 | D:5      | Paralysed by Grinder for 4 turns
  3426 | D:5      | Paralysed by Grinder for 4 turns
  3453 | D:5      | Paralysed by Grinder for 7 turns
  3463 | D:5      | Paralysed by Grinder for 7 turns
  3463 | D:5      | Killed Grinder
  3463 | D:5      | Gained mutation: You are completely covered in sharp spines. [demonic ancestry]
  3463 | D:5      | Reached XP level 7. HP: 39/54 MP: 7/7
  3843 | D:5      | Found a runed door.
  4313 | D:6      | Reached skill level 5 in Fighting
  4313 | D:6      | Reached XP level 8. HP: 37/62 MP: 8/8
  5194 | D:7      | Found a staircase to the Ecumenical Temple.
  5203 | Temple   | Entered the Ecumenical Temple
  5552 | D:7      | Found a glowing golden altar of the Shining One.
  5637 | D:7      | Noticed Sigrun's ghost (novice DsGl)
  5671 | D:7      | Killed Sigrun's ghost
  5671 | D:7      | Reached skill level 5 in Armour
  5701 | D:7      | Reached XP level 9. HP: 69/69 MP: 9/9
  6051 | D:7      | Found a snail-covered altar of Cheibriados.
  6052 | D:7      | Found a sacrificial altar of Ru.
  6054 | D:7      | Found an opulent altar of Gozag.
  6396 | D:7      | Found a shattered altar of Ashenzari.
  7168 | D:8      | Noticed a three-headed hydra
  7173 | D:8      | Killed a one-headed hydra
  7173 | D:8      | Reached skill level 10 in Long Blades
  7173 | D:8      | Gained mutation: You are partially covered in large bone plates. (SH +4) [demonic ancestry]
  7173 | D:8      | Reached XP level 10. HP: 76/80 MP: 10/10
  7298 | D:8      | Found a staircase to the Lair.
  7699 | D:5      | Found a roughly hewn altar of Beogh.
  7942 | D:9      | Noticed a cyclops
  7948 | D:9      | Noticed fatfloppyjuicyveiny's ghost (novice TrBe)
  7955 | D:9      | Killed a cyclops
  8025 | D:9      | Killed fatfloppyjuicyveiny's ghost
  8538 | D:9      | Found an iron altar of Okawaru.
  8546 | D:9      | Became a worshipper of Warmaster Okawaru
  8569 | D:9      | Noticed a hill giant
  8581 | D:9      | Killed a hill giant
  8751 | D:9      | Reached * piety under Okawaru
  9268 | Lair:1   | Entered Level 1 of the Lair of Beasts
  9268 | Lair:1   | Noticed a spiny frog
  9275 | Lair:1   | Killed a spiny frog
  9313 | Lair:1   | Reached XP level 11. HP: 87/87 MP: 11/11
  9524 | Lair:1   | Reached ** piety under Okawaru
  9870 | Lair:1   | Found a stormy altar of Qazlal.
 10240 | Lair:2   | Reached *** piety under Okawaru
 10631 | Lair:2   | Noticed an eight-headed hydra
 10642 | Lair:2   | Killed a five-headed hydra
 10790 | Lair:2   | Gained mutation: Your spells are a little easier to cast, but a little less powerful. [potion of mutation]
 10790 | Lair:2   | Gained mutation: You are occasionally teleported next to monsters. [potion of mutation]
 10790 | Lair:2   | Lost mutation: Your spells are a little easier to cast, but a little less powerful. [potion of mutation]
 11261 | Lair:3   | Reached **** piety under Okawaru
 11287 | Lair:3   | Reached skill level 10 in Fighting
 11412 | Lair:3   | You fall through a shaft for 3 floors!
 11412 | Lair:6   | Entered Level 6 of the Lair of Beasts
 11460 | Lair:5   | Received a gift from Okawaru
 11463 | Lair:5   | Gained mutation: You have hooves in place of feet. [demonic ancestry]
 11463 | Lair:5   | Reached XP level 12. HP: 70/97 MP: 12/12
 11788 | Lair:5   | Noticed a seven-headed hydra
 11798 | Lair:5   | Killed a four-headed hydra
 11798 | Lair:5   | Reached ***** piety under Okawaru
 12867 | Lair:4   | Received a gift from Okawaru
 13321 | Lair:4   | Reached skill level 10 in Armour
 13659 | Lair:4   | Noticed an eight-headed hydra
 13668 | Lair:4   | Killed a four-headed hydra
 13789 | Lair:3   | Found a hole to the Spider Nest.
 13903 | Lair:3   | Reached XP level 13. HP: 106/106 MP: 13/13
 14480 | Lair:3   | Noticed Rupert
 14500 | Lair:3   | Paralysed by Rupert for 4 turns
 14511 | Lair:3   | Killed Rupert
 14511 | Lair:3   | Received a gift from Okawaru
 14511 | Lair:3   | Received a gift from Okawaru
 14511 | Lair:3   | Reached ****** piety under Okawaru
 14553 | Lair:3   | Got an ancient cloak {god gift}
 14564 | Lair:3   | Identified the +1 cloak of the Empire {rElec rC+ Str+4 SInv} (Okawaru gifted it to you on level 3 of the Lair of Beasts)
 14840 | Lair:3   | Found a staircase to the Shoals.
 15230 | D:10     | Entered Level 10 of the Dungeon
 15569 | D:10     | Found a staircase to the Orcish Mines.
 16000 | D:11     | Found a flagged portal.
 16019 | Bailey   | Entered a bailey
 16498 | Bailey   | Reached skill level 5 in Dodging
 17447 | Orc:1    | Entered Level 1 of the Orcish Mines
 17468 | Orc:1    | Received a gift from Okawaru
 17728 | Orc:2    | Entered Level 2 of the Orcish Mines
 17904 | Orc:2    | Noticed a stone giant
 17919 | Orc:2    | Killed a stone giant
 17919 | Orc:2    | Gained mutation: You are mostly covered in large bone plates. (SH +6) [demonic ancestry]
 17919 | Orc:2    | Reached XP level 14. HP: 58/116 MP: 14/14
 18166 | Orc:2    | Found Yddoi's Gadget Emporium.
 18850 | Orc:2    | Noticed an orc warlord
 18877 | Orc:2    | Killed an orc warlord
 19680 | Orc:2    | Found a roughly hewn altar of Beogh.
 19773 | Orc:2    | Found Kackiq's Antique Weapon Shoppe.
 19787 | Orc:2    | Reached skill level 1 in Shields
 20073 | Orc:2    | Reached skill level 1 in Invocations
 20174 | Orc:2    | Found a staircase to the Elven Halls.
 20275 | Orc:2    | Got a steaming ivory ring
 20277 | Orc:2    | Identified the ring "Zefouh" {rF++ EV+2} (You found it on level 2 of the Orcish Mines)
 20448 | Orc:2    | Found a roughly hewn altar of Beogh.
 20793 | Orc:2    | Found Neorop's Jewellery Boutique.
 20827 | Orc:2    | Found Yfoch's Food Shop.
 20837 | Orc:2    | Received a gift from Okawaru
 21229 | Orc:2    | Bought the ring "Tinn" {Fire rElec Dex+7} for 805 gold pieces
 21229 | Orc:2    | Bought an uncursed ring of poison resistance for 300 gold pieces
 21434 | Spider:1 | Entered Level 1 of the Spider Nest
 22140 | Elf:1    | Entered Level 1 of the Elven Halls
 22168 | Elf:1    | Reached skill level 5 in Shields
 22190 | Elf:1    | Found a radiant altar of Vehumet.
 22235 | Elf:1    | Reached skill level 5 in Invocations
 22974 | Elf:1    | Reached XP level 15. HP: 111/124 MP: 19/19
 23068 | Elf:1    | Received a gift from Okawaru
 23580 | Elf:1    | Noticed a Hell Sentinel
 23584 | Elf:1    | Noticed a Brimstone Fiend
 23596 | Elf:1    | Noticed Agnes
 23610 | Elf:1    | Killed Agnes
 25752 | Spider:1 | Received a gift from Okawaru
 26210 | Spider:2 | Noticed Arachne
 26228 | Spider:2 | HP: 3/126 [disintegration (36)]
 26232 | Spider:2 | Killed Arachne
 26234 | Spider:2 | Blown up by an orb spider

Skill      XL: |  1  2  3  4  5  6  7  8  9 10 11 12 13 14 15 |
---------------+----------------------------------------------+-----
Long Blades    | 3 4 5 6 8 10 11 12 14 | 14.5
Armour         | 1 2 3 4 5 6 7 9 10 11 | 11.9
Fighting       | 3 4 5 6 7 8 10 11 12 13 14 | 14.2
Dodging        | 6 7 8 |  8.5
Shields        | 6 8 |  8.5
Invocations    | 5 8 |  8.0
Throwing       | |  1.7

Action                   |  1- 3 |  4- 6 |  7- 9 | 10-12 | 13-15 || total
-------------------------+-------+-------+-------+-------+-------++-------
Melee: Long sword        |   123 |   107 |   220 |       |       ||   450
       Kick              |    16 |    19 |       |    85 |   468 ||   588
       Scimitar          |       |       |    24 |   474 |       ||   498
       Falchion          |       |       |    15 |    33 |    15 ||    63
       Demon blade       |       |       |       |   113 |  1145 ||  1258
       Punch             |       |       |       |       |     3 ||     3
Throw: Throwing net      |       |     3 |       |     2 |     2 ||     7
       Tomahawk          |       |       |       |    12 |     1 ||    13
Invok: Heroism           |       |       |       |       |     5 ||     5
       Finesse           |       |       |       |       |     2 ||     2
Evoke: Wand              |       |       |       |     3 |    28 ||    31
  Use: Scroll            |     2 |       |    15 |    12 |    23 ||    52
       Potion            |       |     2 |     4 |     6 |     8 ||    20
 Stab: Distracted        |       |       |     2 |     4 |     5 ||    11
  Eat: Chunk             |     2 |     6 |     6 |    18 |    37 ||    69
       Bread ration      |       |       |     2 |     1 |     1 ||     4
       Pizza             |       |       |       |       |     1 ||     1
Armor: Leather armour    |    27 |       |       |       |       ||    27
       Plate armour      |    44 |    62 |   154 |   352 |   462 ||  1074
Dodge: Dodged            |    81 |    28 |    45 |   168 |   325 ||   647
Block: Other             |       |       |    19 |   185 |   345 ||   549
       Reflection        |       |       |     1 |       |    16 ||    17
       Rpst.: Long sword |    27 |     8 |    12 |       |       ||    47
       Falchion          |       |       |     3 |       |       ||     3
       Scimitar          |       |       |       |    42 |       ||    42
       Demon blade       |       |       |       |     6 |    80 ||    86
